 Dungeon Crawl Stone Soup version 0.32-a0-473-gd044c6f0f0 (webtiles) character file.

Game seed: 520949849130186006

2672 ptdnxyz the Magician (level 9, 0/52 HPs)
             Began as a Deep Elf Fire Elementalist on Feb 26, 2024.
             Was a Follower of Sif Muna.
             Slain by a yak (4 damage)
             ... on level 7 of the Dungeon.
             The game lasted 00:15:11 (7607 turns).

ptdnxyz the Magician (Deep Elf Fire Elementalist)   Turns: 7607, Time: 00:15:12

Health: 0/52       AC:  2    Str:  5    XL:     9   Next: 37%
Magic:  7/21       EV: 14    Int: 25    God:    Sif Muna [*.....]
Gold:   377        SH:  0    Dex: 15    Spells: 12/22 levels left

rFire   . . .        f - +1 short sword (venom)
rCold   . . .        (no shield)
rNeg    . . .        x - +0 robe {Will+}
rPois   .            (no helmet)
rElec   .            (no cloak)
rCorr   .            (no gloves)
SInv    .            (no boots)
Will    +....        F - amulet of faith
Stlth   +++          (no ring)
HPRegen 0.28/turn    (no ring)
MPRegen 0.17/turn

%: faith
@: about to teleport
A: no striking features
a: Renounce Religion, Channel Magic


You were on level 7 of the Dungeon.
You worshipped Sif Muna.
Sif Muna was aware of your devotion.
You visited 1 branch of the dungeon, and saw 8 of its levels.

You collected 377 gold pieces.

Inventory:

Hand Weapons
 f - a +1 short sword of venom (weapon)
 s - a +3 dagger
 E - a +2 falchion of flaming
Missiles
 A - a throwing net
Armour
 a - a +0 robe
 x - a +0 robe of willpower (worn)
Jewellery
 y - a ring of ice
 F - an amulet of faith (around neck)
Wands
 t - a wand of digging (7)
 w - a wand of paralysis (11)
Scrolls
 c - a scroll of fear {unknown}
 d - 2 scrolls of enchant weapon
 e - 2 scrolls of revelation {unknown}
 g - 2 scrolls of poison {unknown}
 h - 3 scrolls of teleportation
 j - a scroll of noise {unknown}
 l - a scroll of enchant armour {unknown}
 o - a scroll of silence {unknown}
 r - a scroll of brand weapon {unknown}
 u - a scroll of acquirement {unknown}
 v - 2 scrolls of immolation
 z - a scroll of summoning {unknown}
 C - 3 scrolls of amnesia {unknown}
 D - 2 scrolls of blinking {unknown}
Potions
 b - 3 potions of magic
 i - a potion of enlightenment {unknown}
 k - 4 potions of mutation
 m - 3 potions of brilliance
 n - a potion of curing {unknown}
 p - 2 potions of might
 q - a potion of lignification {unknown}
 B - a potion of berserk rage {unknown}
 G - a potion of haste {unknown}


   Skills:
 - Level 4.0 Fighting
 - Level 6.0 Dodging
 - Level 6.0 Stealth
 - Level 7.0 Spellcasting
 + Level 6.1 Conjurations
 - Level 1.2 Translocations
 - Level 6.0 Fire Magic
 - Level 5.0 Invocations


You had 12 spell levels left.
You knew the following spells:

 Your Spells              Type           Power      Damage    Failure   Level
a - Foxfire               Conj/Fire      100%       2x1d9     1%          1
b - Scorch                Fire           76%        2d8       1%          2
c - Volatile Blastmotes   Fire/Tloc      52%        2d14      4%          3
d - Flame Wave            Conj/Fire      39%        2d11      5%          4

Your spell library contained the following spells:

 Spells                   Type           Power      Damage    Failure   Level
 Sting                    Conj/Alch      96%        1d9       1%          1
 Hailstorm                Conj/Ice       24%        3d7       5%          3
 Lesser Beckoning         Tloc           28%        N/A       6%          2
 Inner Flame              Hex/Fire       23%        N/A       6%          3
 Summon Small Mammal      Summ           32%        N/A       7%          1
 Mercury Vapours          Alch/Air       16%        N/A       10%         2
 Gell's Gravitas          Tloc           14%        N/A       12%         3
 Teleport Other           Tloc           14%        N/A       12%         3
 Summon Blazeheart Golem  Fire/Summ      23%        N/A       19%         4
 Call Canine Familiar     Summ           8%         N/A       21%         3
 Frozen Ramparts          Ice            16%        1d3       21%         3
 Fugue of the Fallen      Necr           8%         N/A       21%         3
 Ozocubu's Armour         Ice            8%         N/A       21%         3
 Summon Ice Beast         Ice/Summ       8%         N/A       21%         3
 Manifold Assault         Tloc           14%        N/A       38%         4
 Leda's Liquefaction      Alch/Erth      4%         N/A       54%         4
 Olgreb's Toxic Radiance  Alch           8%         N/A       54%         4
 Petrify                  Alch/Erth      8%         N/A       54%         4
 Metabolic Englaciation   Hex/Ice        4%         N/A       88%         5
 Sculpt Simulacrum        Ice/Alch       4%         N/A       100%        6


Dungeon Overview and Level Annotations

Branches:
Dungeon (8/15)             Temple (0/1) D:7
   Lair: D:8-11

Altars:
Qazlal
Sif Muna
Yredelemnul
Zin

Shops:
D:2 :

Annotations:
D:7 2 runed translucent doors, Arkalis's ghost, amateur GnHu


Message History

The yak attacks as it pursues you! The yak gores you.
Casting: Scorch (safe; 1% risk of failure)
Confirm with . or Enter, or press ? or * to list all spells.
Flames lash the yak.
The yak is lightly wounded.
The yak's fire resistance burns away.
The yak barely misses you.
Unknown command.
Casting: Scorch (safe; 1% risk of failure)
Confirm with . or Enter, or press ? or * to list all spells.
Flames lash the yak.
The yak is lightly wounded.
The yak's fire resistance burns away.
The yak gores you!
Unknown command.
The yak is no longer more vulnerable to fire.
The yak attacks as it pursues you! The yak gores you!
The yak attacks as it pursues you! The yak gores you!
* * * LOW HITPOINT WARNING * * *
The yak attacks as it pursues you! The yak barely misses you.
The yak attacks as it pursues you! The yak gores you.
* * * LOW HITPOINT WARNING * * *
Okay, then.
Okay, then.
The yak attacks as it pursues you! The yak gores you.
* * * LOW HITPOINT WARNING * * *
There is a stone staircase leading up here.
You climb upwards.
Level annotation: 2 runed translucent doors, Arkalis's ghost, amateur GnHu
There is a stone staircase leading down here.
Casting: Scorch (safe; 1% risk of failure)
Confirm with . or Enter, or press ? or * to list all spells.
Okay, then.
Casting: Scorch (safe; 1% risk of failure)
Confirm with . or Enter, or press ? or * to list all spells.
Okay, then.
Unknown command.
As you read the scroll of teleportation, it crumbles to dust.
You feel strangely unstable. The yak gores you!
* * * LOW HITPOINT WARNING * * *
The yak attacks as it pursues you! The yak gores you.
You die...

#######.#.#.......#...#...+.#.≈##
## #.#.#.......#.......#.~...#
.#### #.#.#.#.....+.......#.~.###
....# #.#.#.#.....#.......#≈##≈#
....# #.#.#.#.....#...###########
....# #.#.#.#.....#...##...##....
....# #.#.#.#.....#..............
....# #.#.#.#.....########.#####.
....###.#.#.#..Y@.# #.# #.
+##.....#.#..####### #.# #.
....#####.#........# #.# #. ....#
#.#........# #.#####. ....#
#..........# ###....... #####
##.........#############. #...#
#................### #. #...#
#.#####....#####.## #. #...#
#..........# #.# #.


You could see a yak.

Vanquished Creatures
  Prince Ribbit (D:8)
  2 yaks (D:8)
  Edmund (D:4)
  Duvessa (D:5)
  A black bear (D:7)
  2 ice beasts
  A sky beast (D:6)
  4 ogres
  A centaur (D:7)
  Blork the orc (D:5)
  A bullfrog (D:8)
  4 scorpions
  A gnoll sergeant (D:6)
  Dowan (D:5)
  3 bombardier beetles
  A hound (D:6)
  A jelly (D:6)
  2 orc priests (D:4)
  An iguana (D:6)
  2 sleepcaps
  5 orc wizards (D:5)
  5 adders
  16 gnolls
  A shadow imp (D:5)
  2 ufetubi (D:5)
  A dart slug (D:2)
  13 orcs
  7 ball pythons
  5 endoplasms
  2 giant cockroaches (D:1)
  3 goblins
  11 hobgoblins
  8 jackals (D:3)
  6 quokkas
  4 bats
  2 frilled lizards (D:1)
  9 kobolds
  5 rats
137 creatures vanquished.

Vanquished Creatures (others)
  512 foxfires
512 creatures vanquished.

Grand Total: 649 creatures vanquished

Notes
Turn   | Place    | Note
-------+----------+-------------------------------------------
     0 | D:1      | ptdnxyz the Deep Elf Fire Elementalist began the quest for
                  | the Orb.
     0 | D:1      | Reached XP level 1. HP: 10/10 MP: 6/6
   162 | D:1      | Reached XP level 2. HP: 15/15 MP: 5/8
   248 | D:1      | Learned a level 2 spell: Scorch
   929 | D:1      | Reached XP level 3. HP: 19/19 MP: 6/10
  1239 | D:2      | Found Odiadefu's Book Shoppe.
  1336 | D:2      | Reached skill level 4 in Spellcasting
  1690 | D:2      | Found a faded altar of an unknown god.
  1727 | D:2      | Reached XP level 4. HP: 24/24 MP: 4/12
  2155 | D:3      | Found a shimmering blue altar of Sif Muna.
  2175 | D:3      | Reached XP level 5. HP: 28/28 MP: 1/14
  2175 | D:3      | Became a worshipper of Sif Muna the Loreminder
  2549 | D:3      | Reached skill level 5 in Spellcasting
  3377 | D:4      | Noticed Edmund
  3383 | D:4      | Noticed an ogre
  3384 | D:4      | Killed Edmund
  3385 | D:4      | Reached skill level 5 in Fire Magic
  3385 | D:4      | Reached XP level 6. HP: 32/32 MP: 4/16
  3620 | D:4      | Reached skill level 6 in Spellcasting
  3696 | D:4      | Reached XP level 7. HP: 32/36 MP: 9/18
  4068 | D:5      | Entered Level 5 of the Dungeon
  4083 | D:5      | Reached skill level 7 in Spellcasting
  4083 | D:5      | Reached skill level 5 in Conjurations
  4158 | D:5      | Reached * piety under Sif Muna
  4160 | D:5      | Noticed Blork the orc
  4162 | D:5      | Reached skill level 1 in Fighting
  4282 | D:5      | Killed Blork the orc
  4619 | D:5      | Noticed Duvessa
  4620 | D:5      | Noticed Dowan
  4684 | D:4      | Learned a level 3 spell: Volatile Blastmotes
  4689 | D:4      | Learned a level 4 spell: Flame Wave
  4866 | D:5      | Reached XP level 8. HP: 44/44 MP: 15/20
  5079 | D:5      | Reached skill level 5 in Stealth
  5257 | D:5      | Killed Dowan
  5262 | D:5      | Killed Duvessa
  5263 | D:5      | Reached skill level 5 in Dodging
  5470 | D:6      | Found Lois's One-of-a-Kind Rings.
  5713 | D:6      | Found a basalt altar of Yredelemnul.
  5713 | D:6      | Found a glowing silver altar of Zin.
  6088 | D:6      | Reached skill level 1 in Translocations
  6238 | D:7      | Reached skill level 1 in Invocations
  6311 | D:7      | Reached XP level 9. HP: 35/52 MP: 14/21
  6473 | D:7      | Found a large runed translucent door.
  6474 | D:7      | Found a large runed translucent door.
  6867 | D:7      | Found a staircase to the Ecumenical Temple.
  6925 | D:7      | Found a stormy altar of Qazlal.
  7086 | D:7      | Noticed Arkalis's ghost (amateur GnHu)
  7359 | D:8      | Noticed Prince Ribbit
  7374 | D:8      | Killed Prince Ribbit
  7573 | D:8      | Reached skill level 5 in Invocations
  7607 | D:7      | Slain by a yak

Illustrated notes

Levels and vault maps discovered:
D:1:      minmay_arrival_glassed_features, layout_loops_ring,
          kennysheep_flooded_box, st_stairs_9
D:2:      cheibrodos_old_hovel, layout_loops_ring, serial_shops, shop,
          ebering_ecumenical_altar_petrified
D:3:      layout_basic, mainiacjoe_overflow_surrounded_room, grunt_ministairs_2,
          grunt_decor_one_mirror, nicolae_eternal_life,
          minmay_misc_feat_more_columns, dreamdust_princess_bridge
D:4:      layout_basic, nicolae_titane, uniq_edmund
D:5:      layout_basic, uniq_duvessa, uniq_blork_the_orc
D:6:      minmay_evil_eye, layout_rooms, minitemple, glass_columns_c,
          nicolae_shop_unique_rings
D:7:      layout_gridville, nicolae_overflow_crystal_walls,
          minmay_temple_entry_enclosed_plants, ebering_ghost_disaster_area,
          serial_co_window_serial, co_window_paths_a, co_window_corner_a,
          co_window_paths_a, co_window_paths_b, co_window_paths_a,
          co_window_corner_a, co_window_corner_a, co_window_unsneaky_path_c,
          co_window_paths_c, co_window_corner_ca, co_window_of_opportunity_b,
          co_window_2corner, glass_columns_a, glass_columns_a, glass_columns_a,
          glass_columns_c, glass_columns_a
D:8:      layout_basic, serial_shops, nicolae_shop_window_shopping,
          uniq_prince_ribbit1, uniq_psyche

Skill      XL: |  1  2  3  4  5  6  7  8  9 |
---------------+----------------------------+-----
Conjurations   | 2 3 4 5 6 |  6.1
Spellcasting   | 4 5 6 7 |  7.0
Fire Magic     | 4 5 6 |  6.0
Stealth        | 4 6 |  6.0
Dodging        | 4 6 |  6.0
Fighting       | 2 4 |  4.0
Translocations | 1 |  1.2
Invocations    | 2 5 |  5.0

Action                     |  1- 3 |  4- 6 |  7- 9 || total
---------------------------+-------+-------+-------++-------
  Melee: Short sword       |       |       |     1 ||     1
   Cast: Foxfire           |    78 |    67 |   153 ||   298
         Scorch            |     5 |    18 |    43 ||    66
         Flame Wave        |       |       |     3 ||     3
    Use: Scroll            |       |       |     7 ||     7
 Armour: Robe              |     2 |     2 |    30 ||    34
  Dodge: Dodged            |    10 |     4 |    11 ||    25

Table legend: (Time is in decaauts)
 A = Elapsed time spent in this place.
 B = Non-inter-level travel time spent in this place.
 C = Inter-level travel time spent in this place.
 D = Time resting spent in this place.
 E = Time spent auto-exploring this place.
 F = Levels seen in this place.
 G = Mean time per level.
                   A        B        C        D        E       F      G
               +--------+--------+--------+--------+--------+-----+--------+
         Total |   7607 |   7331 |    276 |    232 |   6185 |   8 |  950.9 |
       Dungeon |   7607 |   7331 |    276 |    232 |   6185 |   8 |  950.9 |
               +--------+--------+--------+--------+--------+-----+--------+

Top non-repeatable levels by time:
     D:3: 1317 daAuts
     D:7: 1189 daAuts
     D:5: 1159 daAuts
     D:1: 1021 daAuts
     D:2: 978 daAuts
     D:4: 895 daAuts
     D:6: 828 daAuts
     D:8: 217 daAuts
